 Dungeon Crawl Stone Soup version 0.28-a0-313-gbc0475efdd (webtiles) character file.

Game seed: 11659074415560306806

9 SeanNever the Chopper (level 2, 0/25 HPs)
             Began as a Minotaur Gladiator on Aug 31, 2021.
             Succumbed to an adder's poison
             ... on level 2 of the Dungeon.
             The game lasted 00:01:12 (162 turns).

SeanNever the Chopper (Minotaur Gladiator)           Turns: 162, Time: 00:01:13

Health: 0/25       AC:  3    Str: 18    XL:     2   Next: 6%
Magic:  1/1        EV: 12    Int:  5    God:
Gold:   8          SH:  0    Dex: 11    Spells: 1/1 levels left

rFire   . . .      SeeInvis .   a - +0 war axe
rCold   . . .      Faith    .   (no shield)
rNeg    . . .      Spirit   .   b - +0 leather armour
rPois   .          Reflect  .   c - +0 hat
rElec   .          Harm     .   (no cloak)
rCorr   .          Rampage  .   (no gloves)
Will    .....                   (no boots)
Stlth   +.........              (no amulet)
HPRegen 0.08/turn               (no ring)
MPRegen 0.07/turn               (no ring)

@: lethally poisoned (0 -> -4)
A: horns 2, retaliatory headbutt
a: no special abilities


You were on level 2 of the Dungeon.
You visited 1 branch of the dungeon, and saw 2 of its levels.

You collected 8 gold pieces.

Inventory:

Hand Weapons
 a - a +0 war axe (weapon)
Missiles
 d - 3 throwing nets (quivered)
Armour
 b - a +0 leather armour (worn)
 c - a +0 hat (worn)
Scrolls
 e - a scroll of teleportation {unknown}


   Skills:
 + Level 2.5 Fighting
 + Level 4.0 Axes
 + Level 2.0 Throwing
 + Level 0.2 Armour
 + Level 3.5 Dodging


You had one spell level left.
You didn't know any spells.
Your spell library was empty.

Dungeon Overview and Level Annotations

Branches:
Dungeon (2/15)

Altars:


Innate Abilities, Weirdness & Mutations

You have a pair of horns on your head.
You reflexively headbutt those who attack you in melee.


Message History

The kobold shouts!
The kobold hits you with a +0 club.
You closely miss the kobold. You headbutt the kobold.
You kill the kobold!
Things that are here:
a +0 club; 5 stones An adder comes into view.
The adder hisses angrily.
The adder closely misses you. You furiously retaliate!
You headbutt the adder. The adder barely misses you.
You hit the adder.
The adder is almost dead.
The adder misses you. The adder barely misses you.
You closely miss the adder. Your headbutt misses the adder.
The adder is almost dead.
The adder barely misses you.
You miss the adder.
The adder is almost dead.
The adder bites you.
You are poisoned.
The adder poisons you! The adder bites you.
You closely miss the adder.
The adder is almost dead.
You feel sick. The adder bites you.
You are more poisoned.
The adder poisons you! The adder bites you.
You barely miss the adder. Your headbutt misses the adder.
The adder is almost dead.
You feel sick. The adder bites you.
* * * LOW HITPOINT WARNING * * *
You barely miss the adder. You headbutt the adder.
You kill the adder!
* * * LOW HITPOINT WARNING * * *
You feel sick.
Your Axes skill increases to level 4!
You have reached level 2!
You aren't carrying any potions.
* * * LOW HITPOINT WARNING * * *
You feel sick.
You die...

##..#.## .
............
#####..#........
#......#........
#.###.##........
#.# #.........
..... #.#
#.###.... .#
#.#.# #.#
#.###.####...#
#.#.# #.#
#......@.....#
#.#.# #.#
#####.####.#.#
#.#.# #.# #...
#.####.#.####
#.# #.###
#............
#.# #.# #<..#
#.# #.# #.#.#
#...# #.# ###
#.#.# #...# #.#
#.#.# #...# #.#
#.#.# #...####


There were no monsters in sight!

Vanquished Creatures
  An adder (D:2)
  A kobold (D:2)
2 creatures vanquished.

Notes
Turn   | Place    | Note
-------+----------+-------------------------------------------
     0 | D:1      | SeanNever the Minotaur Gladiator began the quest for the
                  | Orb.
     0 | D:1      | Reached XP level 1. HP: 18/18 MP: 0/0
   161 | D:2      | Reached skill level 4 in Axes
   161 | D:2      | Reached XP level 2. HP: 2/25 MP: 1/1
   161 | D:2      | HP: 1/25 [poisoned by an adder]
   162 | D:2      | Succumbed to an adder's poison

Illustrated notes

Levels and vault maps discovered:
D:1:      pf_arrival_petrified_forest, layout_basic
D:2:      minmay_alternating_diamond, layout_basic,
          shapermc_ecumenical_altar_totnotflames, serial_shops,
          nicolae_diamond_shop, nicolae_lakefront_shop, uniq_terence

Skill      XL: |  1 |
---------------+----+-----
Axes           | 4 |  4.0
Fighting       | |  2.5
Throwing       | |  2.0
Armour         | |  0.2
Dodging        | |  3.5

Action                   || total
-------------------------++-------
Melee: War axe           ||     7
       Headbutt          ||     2
Dodge: Dodged            ||     5

Table legend: (Time is in decaauts)
 A = Elapsed time spent in this place.
 B = Non-inter-level travel time spent in this place.
 C = Inter-level travel time spent in this place.
 D = Time resting spent in this place.
 E = Time spent auto-exploring this place.
 F = Levels seen in this place.
 G = Mean time per level.
                   A        B        C        D        E       F      G
               +--------+--------+--------+--------+--------+-----+--------+
         Total |    163 |    127 |     36 |      0 |      0 |   2 |   81.5 |
       Dungeon |    163 |    127 |     36 |      0 |      0 |   2 |   81.5 |
               +--------+--------+--------+--------+--------+-----+--------+

Top non-repeatable levels by time:
     D:1: 83 daAuts
     D:2: 80 daAuts
